 Dungeon Crawl Stone Soup version 0.31-a0-217-g58bb5d79cf (webtiles) character file.

Game seed: 8689327085933122781

704 qw the Shooter (level 7, -3/43 HPs)
             Began as a Gargoyle Hexslinger on July 2, 2023.
             Was an Initiate of Okawaru.
             Slain by a gnoll bouda
             ... wielding a +0 club
              (9 damage)
             ... on level 5 of the Dungeon.
             The game lasted 00:01:39 (4184 turns).

qw the Shooter (Gargoyle Hexslinger)                Turns: 4184, Time: 00:01:39

Health: -3/43      AC: 11    Str: 11    XL:     7   Next: 67%
Magic:  8/8        EV: 11    Int: 14    God:    Okawaru [......]
Gold:   190        SH:  0    Dex: 14    Spells: 7/8 levels left

rFire   . . .        Y - +0 orcbow
rCold   . . .        (shield currently unavailable)
rNeg    + . .        b - +2 leather armour {rPois}
rPois   inf          a - +0 helmet
rElec   +            (no cloak)
rCorr   .            (no gloves)
SInv    +            (no boots)
Will    .....        (no amulet)
Stlth   +            e - ring of see invisible
HPRegen 0.27/turn    (no ring)
MPRegen 0.11/turn

%: no passive effects
@: weakened
A: sickness immunity, AC +4, negative energy resistance 1, electricity
resistance, torment resistance 1, petrification resistance
a: Renounce Religion


You were on level 5 of the Dungeon.
You worshipped Okawaru.
Okawaru was noncommittal.
You visited 2 branches of the dungeon, and saw 6 of its levels.

You collected 190 gold pieces.


Innate Abilities, Weirdness & Mutations

You are immune to sickness and miasma.
Your stone body is resilient. (AC +4)
You are immune to poison.
You resist negative energy. (rN+)
You are resistant to electric shocks. (rElec)
You are resistant to unholy torment.
You are immune to petrification.


   Skills:
 - Level 4.2 Fighting
 + Level 7.3 Ranged Weapons
 - Level 1.2 Armour
 - Level 1.5 Dodging
 - Level 1.0 Spellcasting
 - Level 2.6 Hexes


You had 7 spell levels left.
You knew the following spells:

 Your Spells              Type           Power      Damage    Failure   Level
a - Slow                  Hex            32%        N/A       12%         1

Your spell library contained the following spells:

 Spells                   Type           Power      Damage    Failure   Level
 Inner Flame              Hex/Fire       4%         N/A       52%         3
 Portal Projectile        Hex/Tloc       8%         N/A       52%         3
 Cause Fear               Hex            4%         N/A       75%         4

Inventory:

Hand Weapons
 Y - a +0 orcbow (weapon)
Armour
 a - a +0 helmet (worn)
 b - a +2 leather armour of poison resistance (worn)
Jewellery
 e - a ring of see invisible (left hand)
Scrolls
 c - a scroll of blinking {unknown}
 f - a scroll of identify
Potions
 g - a potion of curing
 h - a potion of enlightenment
 j - a potion of resistance

Dungeon Overview and Level Annotations

Branches:
Dungeon (5/15)             Temple (1/1) D:4

Altars:
Ashenzari
Cheibriados
Dithmenos
Elyvilon
Fedhas
Gozag
Hepliaklqana
Kikubaaqudgha
Makhleb
Nemelex Xobeh
Okawaru
Qazlal
Ru
Sif Muna
Trog
Uskayaw
Vehumet
Wu Jian
Yredelemnul
Zin
The Shining One

Shops:
D:2 (   D:3 [   D:4 (


Message History

The arrow hits the gnoll bouda but does no damage.
The gnoll bouda hits you with a +0 club.
You shoot an arrow. The arrow hits the gnoll bouda.
The gnoll bouda is lightly wounded.
The gnoll bouda barely misses you.
The gnoll bouda hits you with a +0 club.
You shoot an arrow.
The arrow barely misses the gnoll bouda.
The gnoll bouda hits you but does no damage.
You shoot an arrow.
The arrow closely misses the gnoll bouda.
The gnoll bouda gazes fiercely through you!
You feel as though you will be weak longer.
The gnoll bouda closely misses you.
You shoot an arrow. The arrow hits the gnoll bouda.
The gnoll bouda is moderately wounded.
The gnoll bouda misses you.
You shoot an arrow. The arrow hits the gnoll bouda!
The gnoll bouda is heavily wounded.
The gnoll bouda hits you with a +0 club.
You shoot an arrow. The arrow hits the gnoll bouda.
The gnoll bouda is severely wounded.
The gnoll bouda gazes fiercely through you!
You feel as though you will be weak longer.
The gnoll bouda hits you with a +0 club!
The gnoll bouda hits you with a +0 club.
You shoot an arrow.
The arrow closely misses the gnoll bouda.
The gnoll bouda hits you with a +0 club!
You shoot an arrow. The arrow hits the gnoll bouda.
The gnoll bouda is severely wounded.
The gnoll bouda closely misses you.
You shoot an arrow.
The arrow barely misses the gnoll bouda.
The gnoll bouda hits you but does no damage.
You shoot an arrow.
The arrow hits the gnoll bouda but does no damage.
The gnoll bouda is severely wounded.
The gnoll bouda hits you with a +0 club!
You die...

#.... #....
# ....
.#... ....
#.. #..##
#.@## ##g.#
#..##
##..##
##..# #...
#..## #..#
##..## #..#
##..# #..#
#..#####..#


You could see a gnoll bouda.

Vanquished Creatures
  Sigmund (D:2)
  A scorpion (D:5)
  5 hounds
  An orc priest (D:3)
  Jessica (D:2)
  2 iguanas
  Ijyb (D:3)
  Natasha (thrice) (D:2)
  Robin (D:2)
  4 adders
  A worm (D:3)
  5 dart slugs
  4 orcs
  3 bats
  5 endoplasms
  2 giant cockroaches
  14 goblins
  8 hobgoblins
  4 jackals (D:2)
  5 quokkas
  7 ball pythons
  3 frilled lizards (D:1)
  6 kobolds
  2 rats (D:2)
89 creatures vanquished.

Notes
Turn   | Place    | Note
-------+----------+-------------------------------------------
     0 | D:1      | qw the Gargoyle Hexslinger began the quest for the Orb.
     0 | D:1      | Reached XP level 1. HP: 12/12 MP: 2/2
     0 | D:1      | 0 ||| qw: Version: 0.3-a-40-ge99b1a8
     0 | D:1      | 0 ||| qw: Game counter: 186
     0 | D:1      | 0 ||| qw: Melee chars always use a shield: true
     0 | D:1      | 0 ||| qw: God list: Okawaru
     0 | D:1      | 0 ||| qw: Allow faded altars: false
     0 | D:1      | 0 ||| qw: Do Orc after clearing Dungeon:15 true
     0 | D:1      | 0 ||| qw: Do second Lair branch before Depths: true
     0 | D:1      | 0 ||| qw: Lair rune preference: random
     0 | D:1      | 0 ||| qw: Goals: Normal
     0 | D:1      | 0 ||| PLANNING D:1-11
   162 | D:1      | Reached XP level 2. HP: 16/16 MP: 3/3
   314 | D:1      | Reached skill level 3 in Ranged Weapons
   637 | D:1      | 637 ||| SWAPPING to +0 orcbow.
   639 | D:1      | 639 ||| DROPPING +1 sling.
   797 | D:1      | Reached XP level 3. HP: 21/21 MP: 4/4
   851 | D:1      | 851 ||| UPGRADING to ring of see invisible.
   852 | D:1      | 852 ||| READING scroll labelled ATHURPH UKLIPEWK.
   853 | D:1      | 853 ||| READING 2 scrolls labelled FOUZUC EMUXE.
   854 | D:1      | 854 ||| DROPPING scroll of poison.
   863 | D:2      | 863 ||| STAIRDANCE
   899 | D:2      | Noticed Jessica
   911 | D:2      | Killed Jessica
   974 | D:2      | Noticed Sigmund
   977 | D:2      | Killed Sigmund
   978 | D:2      | Reached skill level 5 in Ranged Weapons
   978 | D:2      | Reached XP level 4. HP: 26/26 MP: 5/5
   978 | D:2      | Reached XP level 5. HP: 30/30 MP: 6/6
  1019 | D:2      | Noticed Robin
  1023 | D:2      | 1023 ||| Stepping ~*~*~tactically~*~*~ (outnumbered).
  1026 | D:2      | Killed Robin
  1027 | D:2      | Reached XP level 6. HP: 36/36 MP: 7/7
  1058 | D:2      | Noticed Natasha
  1074 | D:2      | HP: 9/36 [Natasha/magic dart (3)]
  1075 | D:2      | Killed Natasha
  1076 | D:2      | Reached skill level 3 in Fighting
  1321 | D:2      | Found Leucryr's Weapon Shoppe.
  1399 | D:2      | Found a glowing golden altar of the Shining One.
  1513 | D:2      | Noticed Natasha
  1523 | D:2      | Killed Natasha
  1524 | D:2      | Reached skill level 6 in Ranged Weapons
  1935 | D:2      | Noticed Natasha
  1943 | D:2      | Killed Natasha
  2022 | D:2      | 2022 ||| UPGRADING to +0 helmet.
  2027 | D:2      | 2027 ||| UPGRADING to +0 ring mail.
  2037 | D:2      | 2037 ||| DROPPING +0 robe.
  2038 | D:2      | 2038 ||| READING 2 scrolls labelled HOOMEN KUSIMYL.
  2041 | D:2      | 2041 ||| READING scroll labelled NIJEFRUU KUYBB.
  2142 | D:2      | 2142 ||| READING 2 scrolls of identify.
  2142 | D:2      | 2142 ||| IDENTIFYING brown potion
  2143 | D:2      | 2143 ||| DROPPING potion of ambrosia.
  2303 | D:3      | Found Goinumar's Antique Armour Shoppe.
  2309 | D:3      | 2309 ||| SHOPLISTING -2 hat of the Alchemist {rElec rPois
                  | rF+ rC+ rN+ Will+ rMut rCorr} (1132 gold, have 107).
  2309 | D:3      | 2309 ||| SHOPLISTING runed hat (168 gold, have 107).
  2336 | D:3      | Reached skill level 1 in Armour
  2696 | D:3      | 2696 ||| READING scroll labelled GUKUUT MOTECA.
  2697 | D:3      | 2697 ||| READING 2 scrolls of identify.
  2697 | D:3      | 2697 ||| IDENTIFYING golden potion
  2698 | D:3      | 2698 ||| DROPPING potion of brilliance.
  2714 | D:4      | 2714 ||| STAIRDANCE
  2723 | D:3      | Reached XP level 7. HP: 13/43 MP: 8/8
  2727 | D:3      | HP: 10/43 [worm (5)]
  2728 | D:3      | 2728 ||| READING 2 scrolls of teleportation.
  2948 | D:4      | Found a staircase to the Ecumenical Temple.
  2949 | D:4      | 2949 ||| PLANNING TEMPLE
  2961 | D:4      | 2961 ||| READING 2 scrolls of identify.
  2961 | D:4      | 2961 ||| IDENTIFYING sedimented black potion
  2977 | Temple   | Entered the Ecumenical Temple
  2995 | Temple   | 2995 ||| PLANNING OKAWARU WORSHIP
  3309 | Temple   | Became a worshipper of Warmaster Okawaru
  3310 | Temple   | 3310 ||| PLANNING D:1-11
  3551 | D:4      | Noticed Ijyb
  3552 | D:4      | 3552 ||| Stepping ~*~*~tactically~*~*~ (outnumbered).
  3553 | D:4      | 3553 ||| Stepping ~*~*~tactically~*~*~ (outnumbered).
  3560 | D:4      | 3560 ||| FLEEEEING.
  3561 | D:4      | 3561 ||| FLEEEEING.
  3562 | D:4      | 3562 ||| FLEEEEING.
  3563 | D:4      | 3563 ||| FLEEEEING.
  3564 | D:4      | 3564 ||| FLEEEEING.
  3565 | D:4      | 3565 ||| FLEEEEING.
  3568 | D:4      | 3568 ||| FLEEEEING.
  3569 | D:4      | 3569 ||| FLEEEEING.
  3570 | D:4      | 3570 ||| FLEEEEING.
  3571 | D:4      | 3571 ||| FLEEEEING.
  3572 | D:4      | 3572 ||| FLEEEEING.
  3573 | D:4      | 3573 ||| FLEEEEING.
  3574 | D:4      | 3574 ||| FLEEEEING.
  3575 | D:4      | 3575 ||| FLEEEEING.
  3576 | D:4      | 3576 ||| STAIRDANCE
  3619 | D:3      | 3619 ||| DROPPING ring of wizardry.
  3620 | D:3      | 3620 ||| READING scroll labelled WUUSIMOLOI.
  3621 | D:3      | 3621 ||| DRINKING 2 sapphire potions.
  3622 | D:3      | 3622 ||| READING 2 scrolls of identify.
  3622 | D:3      | 3622 ||| IDENTIFYING puce potion
  3630 | D:4      | 3630 ||| STAIRDANCE
  3639 | D:3      | HP: 10/43 [Ijyb/+0 club (2)]
  3640 | D:3      | 3640 ||| READING scroll of teleportation.
  3641 | D:3      | Killed Ijyb
  3855 | D:3      | 3855 ||| UPGRADING to +2 leather armour of poison
                  | resistance.
  3865 | D:3      | 3865 ||| DROPPING +0 ring mail.
  3945 | D:4      | Found Xoungi Voula's Antique Weapon Shoppe.
  4046 | D:5      | Entered Level 5 of the Dungeon
  4084 | D:5      | Reached skill level 7 in Ranged Weapons
  4181 | D:5      | HP: 5/43 [gnoll bouda/+0 club (7)]
  4184 | D:5      | Slain by a gnoll bouda

Levels and vault maps discovered:
D:1:      reono_arrival_mine, layout_basic
D:2:      layout_basic, basic_altar, serial_shops, shop, uniq_natasha,
          uniq_robin, uniq_sigmund, uniq_jessica
D:3:      layout_basic, serial_shops, shop
D:4:      layout_cave_pools, minmay_temple_entry_statues, serial_shops,
          kennysheep_little_box, uniq_ijyb
D:5:      layout_cave_pods, gammafunk_ghost_split, grunt_tough_drop
Temple:   regret_index_temple_sigil_plot

Skill      XL: |  1  2  3  4  5  6  7 |
---------------+----------------------+-----
Ranged Weapons | 3 5 6 7 |  7.3
Fighting       | 2 4 |  4.2
Armour         | 1 |  1.2
Dodging        | |  1.5
Spellcasting   | |  1.0
Hexes          | |  2.6

Action                     |  1- 3 |  4- 6 |  7- 9 || total
---------------------------+-------+-------+-------++-------
   Fire: Sling             |    35 |       |       ||    35
         Orcbow            |    33 |   170 |   116 ||   319
    Use: Scroll            |     2 |     5 |     5 ||    12
         Potion            |       |       |     1 ||     1
 Armour: Robe              |     8 |    25 |       ||    33
         Ring mail         |       |    20 |    26 ||    46
         Leather armour    |       |       |    13 ||    13
  Dodge: Dodged            |    13 |    67 |    47 ||   127

Table legend:
 A = Non-vault XP
 B = Vault XP
 C = Vault XP percentage of total XP
 D = Non-vault monster count
 E = Vault monster count
 F = Vault count percentage of total count
                 A         B        C        D         E       F
            +---------+---------+-------+---------+---------+-------
      Total |     647 |     360 |  35.7 |      72 |      17 |  19.1
            +---------+---------+-------+---------+---------+-------
        D:1 |      36 |       0 |   0.0 |      20 |       0 |   0.0
        D:2 |     132 |     324 |  71.1 |      22 |      16 |  42.1
        D:3 |     184 |      36 |  16.4 |      13 |       1 |   7.1
        D:4 |     133 |       0 |   0.0 |      14 |       0 |   0.0
        D:5 |     162 |       0 |   0.0 |       3 |       0 |   0.0
            +---------+---------+-------+---------+---------+-------
